 Seeded DCSS version 0.30.1-4-g462c640d31 (webtiles) character file.

Game seed: 6351066067085065685 (custom seed)

42040 Esekla the Eclecticist (level 13, -3/69 (72) HPs)
             Began as a Deep Elf Necromancer on Sept 2, 2023.
             Was a Priest of Vehumet.
             Slain by a catoblepas (4 damage)
             ... on level 5 of the Lair of Beasts on Sept 3, 2023.
             The game lasted 02:54:23 (17662 turns).

Esekla the Eclecticist (Deep Elf Necromancer)      Turns: 17662, Time: 02:54:24

HP:   -3/69 (72)    AC: 11    Str:  6    XL:     13   Next: 83%
MP:   16/35         EV: 14    Int: 26    God:    Vehumet [***...]
Gold: 876           SH:  4    Dex: 13    Spells: 3/44 levels left

rFire   + + +        c - +5 scimitar
rCold   . . .        I - +0 buckler
rNeg    . . .        p - +0 troll leather armour
rPois   .            L - +1 helmet
rElec   .            F - +0 cloak
rCorr   .            E - +0 pair of gloves
SInv    .            R - +1 pair of boots of Piysunuo {Str+3}
Will    +....        x - amulet of magic regeneration
Stlth   +++          m - ring of the Mage {Wiz Archmagi}
HPRegen 1.11/turn    O - ring "Lobbiu Zeimn" {+Blink Fly rF+++ Str-2 Dex-2}
MPRegen 0.64/turn

%: wizardry (x1), archmagi
@: marked, wereblooded (expiring), flying, very slightly contaminated, studying
Fighting, lightly drained
A: no striking features
a: Renounce Religion, Evoke Blink


You were on level 5 of the Lair of Beasts.
You worshipped Vehumet.
Vehumet was most pleased with you.
You visited 3 branches of the dungeon, and saw 18 of its levels.
You also visited: Trove and Bailey.

You collected 1590 gold pieces.
You spent 714 gold pieces at shops.

Inventory:

Hand Weapons
 a - a +2 vampiric dagger
 c - a +5 scimitar (weapon)
 r - a +4 trident of venom
 s - the +5 rapier of the Hero {heavy, rN+ Dex+3}
   (You found it on level 3 of the Dungeon)

   Dex:       It affects your dexterity (+3).
   rN:        It protects you from negative energy.
 v - a +2 rapier of venom
Missiles
 B - 59 poisoned darts
 N - 4 curare-tipped darts
 U - 3 boomerangs (quivered)
Armour
 p - a +0 troll leather armour (worn)
 E - a +0 pair of gloves (worn)
 F - a +0 cloak (worn)
 I - a +0 buckler (worn)
 L - a +1 helmet (worn)
 R - the +1 pair of boots of Piysunuo (worn) {Str+3}
   (You found it on level 1 of the Spider Nest)

   Str:       It affects your strength (+3).
 T - the scarf of Qaoh {repulsion, rN+ Dex-2 SInv}
   (You found it in a treasure trove)

   Dex:       It affects your dexterity (-2).
   rN:        It protects you from negative energy.
   SInv:      It lets you see invisible.
Magical Staves
 f - a staff of fire
Jewellery
 k - an amulet of reflection
 m - the ring of the Mage (left hand) {Wiz Archmagi}
   (You bought it in a shop on level 2 of the Dungeon)

   [ring of wizardry]

   It improves your spell success rate.
   Archmagi:  It increases the power of your magical spells.
 x - an amulet of magic regeneration (around neck)
 O - the ring "Lobbiu Zeimn" (right hand) {+Blink Fly rF+++ Str-2 Dex-2}
   (You found it in a treasure trove)

   [ring of flight]

   Str:       It affects your strength (-2).
   Dex:       It affects your dexterity (-2).
   rF:        It renders you almost immune to fire.
   Fly:       It grants you flight.
   +Blink:    It lets you blink.
 Q - the ring of the Scavenger {Str+6 Dex+3}
   (You found it in a treasure trove)

   [ring of strength]

   Str:       It affects your strength (+6).
   Dex:       It affects your dexterity (+3).
 W - a ring of ice
Wands
 i - a wand of roots (20)
 y - a wand of flame (22)
 K - a wand of mindburst (3)
 X - a wand of digging (9)
Scrolls
 n - a scroll of enchant armour
 o - a scroll of amnesia
 t - 4 scrolls of fog
 u - 5 scrolls of blinking {unknown}
 w - a scroll of magic mapping
 A - 2 scrolls of fear
 C - 4 scrolls of enchant weapon {unknown}
 D - 5 scrolls of teleportation
 H - 2 scrolls of silence
 J - a scroll of poison
 P - 3 scrolls of acquirement
Potions
 b - 3 potions of magic
 d - 3 potions of ambrosia
 e - 8 potions of attraction {unknown}
 g - 3 potions of heal wounds
 h - 5 potions of haste
 j - 10 potions of curing
 q - 3 potions of brilliance
 z - 3 potions of lignification
 G - a potion of might
 S - a potion of cancellation {unknown}
 Y - 3 potions of flight {unknown}


   Skills:
 * Level 5.3 Fighting
 * Level 7.7 Short Blades
 + Level 0.5(4.3) Long Blades
 + Level 1.4 Throwing
 * Level 3.8 Armour
 * Level 9.2 Dodging
 + Level 5.1 Stealth
 * Level 2.4 Shields
 * Level 16.2 Spellcasting
 * Level 5.2 Conjurations
 + Level 10.3 Necromancy
 + Level 6.1 Translocations
 * Level 3.5 Transmutations
 + Level 6.7 Fire Magic
 * Level 3.6 Ice Magic
 + Level 5.2 Air Magic
 * Level 6.4 Earth Magic
 + Level 3.4 Poison Magic
 * Level 2.3 Evocations


You had 3 spell levels left.
You knew the following spells:

 Your Spells              Type           Power      Damage    Failure   Level
a - Necrotise             Necr           100%       1d9       1%          1
b - Kiss of Death         Conj/Necr      100%       2d13      1%          1
c - Mephitic Cloud        Conj/Pois/Air  61%        N/A       1%          3
d - Vampiric Draining     Necr           85%        2d12      1%          3
e - Static Discharge      Conj/Air       100%       2-7/arc   1%          2
f - Fireball              Conj/Fire      34%        3d14      1%          5
l - Lee's Rapid Deconstr  Erth           35%        3d18*     1%          5
n - Ignite Poison         Fire/Tmut/Pois 61%        N/A       1%          3
o - Scorch                Fire           100%       2d9       1%          2
t - Teleport Other        Tloc           68%        N/A       1%          3
v - Poisonous Vapours     Pois/Air       100%       N/A       1%          2
w - Wereblood             Tmut           56%        N/A       1%          2
y - Sticky Flame          Conj/Fire      68%        2d8       1%          4
z - Freezing Cloud        Conj/Ice/Air   31%        6-21      3%          5

Your spell library contained the following spells:

 Spells                   Type           Power      Damage    Failure   Level
 Foxfire                  Conj/Fire      100%       2x1d9     1%          1
 Lesser Beckoning         Tloc           100%       N/A       1%          2
 Sublimation of Blood     Necr           85%        N/A       1%          2
 Dazzling Flash           Conj/Hex       100%       N/A       1%          3
 Gell's Gravitas          Tloc           68%        N/A       1%          3
 Hailstorm                Conj/Ice       60%        3d13      1%          3
 Inner Flame              Hex/Fire       55%        N/A       1%          3
 Spider Form              Tmut/Pois      56%        N/A       1%          3
 Animate Dead             Necr           85%        N/A       1%          4
 Manifold Assault         Tloc           68%        N/A       1%          4
 Passage of Golubria      Tloc           68%        N/A       1%          4
 Agony                    Necr           85%        N/A       1%          5
 Plasma Beam              Fire/Air       33%        2x1d51    10%         6
 Starburst                Conj/Fire      34%        6d10      10%         6
 Cause Fear               Hex            15%        N/A       24%         4
 Silence                  Hex/Air        25%        N/A       24%         5
 Dispersal                Tloc           34%        N/A       30%         6
 Summon Mana Viper        Hex/Summ       31%        N/A       52%         5
 Ignition                 Fire           35%        3d11      87%         8
 Lehudib's Crystal Spear  Conj/Erth      33%        10d9      94%         8
 Summon Hydra             Summ           15%        N/A       100%        7
 Disjunction              Tloc           34%        N/A       100%        8


Dungeon Overview and Level Annotations

Branches:
Dungeon (12/15)            Temple (0/1) D:6            Lair (5/5) D:11
 Shoals (0/4) Lair:2       Spider (1/4) Lair:3          Orc (0/2) D:10
 Bailey (visited)
  Slime: Lair:4-5

Altars:
Dithmenos
Fedhas
Hepliaklqana
Nemelex Xobeh
Okawaru
Qazlal
Ru
Trog
Uskayaw
Vehumet
Zin
The Shining One

Shops:
D:2 =   D:4 (   D:11 *


Message History

Vehumet accepts your kill.
The six-headed hydra is engulfed in freezing vapours.
You kill the six-headed hydra!
Vehumet accepts your kill.
You feel your power returning.
You slash the hell rat!
The hell rat is severely wounded.
The hell rat bites you! The hell rat misses you.
The hell rat closely misses you.
The hell rat bites you but does no damage.
A yak comes into view.
An elephant comes into view.
The catoblepas is engulfed in noxious fumes.
The catoblepas closely misses you.
The cane toad is engulfed in freezing vapours.
The cane toad seems to slow down.
The hell rat barely misses you. The hell rat bites you.
You feel drained. The hell rat misses you. The hell rat barely misses you.
You slash the hell rat!
You feel a bit better.
You kill the hell rat!
Vehumet accepts your kill.
The yak is engulfed in noxious fumes.
The yak appears confused.
The yak closely misses you.
The catoblepas is engulfed in noxious fumes.
You block the catoblepas's attack. The hell rat bites you!
The yak is engulfed in freezing vapours.
A yak comes into view.
The hell rat bites you!
* * * LOW HITPOINT WARNING * * *
The hell rat closely misses you.
The komodo dragon is engulfed in freezing vapours.
The komodo dragon seems to slow down.
The hell rat bites you!
* * * LOW HITPOINT WARNING * * *
The yak is engulfed in freezing vapours.
You kill the yak!
Vehumet accepts your kill.
You feel your power returning.
The yak is engulfed in noxious fumes.
The yak closely misses you.
The catoblepas is engulfed in noxious fumes.
The catoblepas gores you.
You die...

# ##### #
...###...#.# ## #
......r.Y°#### #.#.#
......r@YF#..##...##.
.......r§l°lY..†.....
#....##.☼§§FY<†l.....
.....#..○.§Y.........
#..........##YY....§.
... ...#####.#Y......
... .## # #......
P.Y... ...Y..


You could see a catoblepas, 4 elephants, 2 komodo dragons, 3 yaks, 2 cane toads
and 3 hell rats.

Vanquished Creatures
  Rupert (Lair:4)
  3 hydras
  Harold (D:9)
  2 boulder beetles (Lair:2)
  3 two-headed ogres
  Lodul (D:11)
  A skyshark (Lair:4)
  Pikel (D:6)
  A steelbarb worm (Spider:1)
  2 orc knights (Bailey)
  5 cyclopes
  A moth of wrath (Spider:1)
  Joseph (D:7)
  A merfolk siren (Lair:2)
  2 black mambas
  A torpor snail (Lair:2)
  2 gargoyles
  8 cane toads
  Psyche (D:11)
  2 rime drakes
  12 komodo dragons
  A kobold demonologist (D:9)
  2 merfolk (Lair:2)
  A polar bear (D:11)
  4 trolls
  A tarantella (Spider:1)
  3 hornets (Lair:3)
  5 blink frogs (Lair:1)
  A jumping spider (Spider:1)
  4 centaur simulacra (D:11)
  12 spriggans (Lair:3)
  28 yaks
  A vampire (D:12)
  2 culicivoras
  A wraith (D:12)
  4 basilisks
  2 steam dragons
  5 wyverns
  A redback (Spider:1)
  Menkaure (D:7)
  6 ice beasts
  13 water moccasins
  A sky beast (D:6)
  9 orc warriors
  A black bear (D:6)
  10 ogres
  2 centaurs
  3 boggarts (Lair:3)
  12 wolves
  A phantom (D:7)
  Blork the orc (D:6)
  4 kobold brigands
  4 gnoll sergeants
  An earth elemental (D:12)
  10 bullfrogs
  3 scorpions
  10 wights
  21 killer bees
  2 howler monkeys (D:10)
  An electric eel (D:11)
  2 quasits
  2 gnoll boudas
  6 hounds
  A jelly (D:6)
  Crazy Yiuf (D:7)
  8 orc priests
  4 iguanas
  A sleepcap (D:5)
  11 orc wizards
  9 hell rats
  30 gnolls
  9 adders
  3 shadow imps (D:8)
  9 white imps
  4 ufetubi
  A worm (D:4)
  3 dart slugs
  53 orcs
  4 endoplasms
  9 goblins
  7 hobgoblins
  A quokka (D:1)
  6 ball pythons
  4 bats
  4 frilled lizards
  21 kobolds
  A rat (D:2)
460 creatures vanquished.

Notes
Turn   | Place    | Note
-------+----------+-------------------------------------------
     0 | D:1      | Esekla the Deep Elf Necromancer began the quest for the
                  | Orb.
     0 | D:1      | Reached XP level 1. HP: 10/10 MP: 6/6
   255 | D:2      | Found Renulab's Jewellery Shop.
   420 | D:4      | Found a radiant altar of Vehumet.
   431 | D:4      | Found an iron altar of Okawaru.
   442 | D:4      | Found a glowing silver altar of Zin.
   595 | D:4      | Became a worshipper of Vehumet
   650 | D:4      | Reached skill level 5 in Necromancy
   676 | D:4      | Found a glowing golden altar of the Shining One.
   797 | D:3      | Reached XP level 2. HP: 15/15 MP: 8/8
  1069 | D:3      | Identified the +5 rapier of the Hero {heavy, rN+ Dex+3}
  1237 | D:1      | Reached XP level 3. HP: 19/19 MP: 9/9
  1244 | D:1      | Learned a level 3 spell: Vampiric Draining
  1279 | D:1      | Reached * piety under Vehumet
  1279 | D:1      | Offered knowledge of Kiss of Death by Vehumet.
  1332 | D:1      | Learned a level 3 spell: Teleport Other
  1334 | D:1      | Learned a level 1 spell: Kiss of Death
  1339 | D:1      | Reached skill level 1 in Short Blades
  1577 | D:2      | Noticed a black bear
  1650 | D:2      | Reached XP level 4. HP: 19/24 MP: 4/11
  1850 | D:3      | Found a stormy altar of Qazlal.
  1921 | D:3      | Found a hazy altar of Hepliaklqana.
  1921 | D:3      | Found a bloodstained altar of Trog.
  1925 | D:3      | Reached skill level 4 in Spellcasting
  2126 | D:3      | Reached XP level 5. HP: 24/28 MP: 9/13
  2267 | D:3      | Reached skill level 1 in Translocations
  2596 | D:5      | Entered Level 5 of the Dungeon
  2604 | D:5      | Got the Parchment of the Lumpy Olives
  2621 | D:5      | Found a shadowy altar of Dithmenos.
  2819 | D:5      | Reached XP level 6. HP: 32/32 MP: 12/14
  2919 | D:6      | Noticed an ice beast
  2945 | D:6      | Killed an ice beast
  2946 | D:6      | Reached skill level 5 in Spellcasting
  3181 | D:2      | Found a faded altar of an unknown god.
  3450 | D:4      | Found Ponaysk's Antique Weapon Boutique.
  3979 | D:4      | Offered knowledge of Static Discharge by Vehumet.
  4002 | D:4      | Learned a level 2 spell: Static Discharge
  4064 | D:5      | Reached ** piety under Vehumet
  4092 | D:5      | Reached XP level 7. HP: 26/36 MP: 13/17
  4267 | D:5      | Reached skill level 6 in Spellcasting
  4590 | D:6      | Found a blossoming altar of Fedhas.
  4611 | D:6      | Reached XP level 8. HP: 41/41 MP: 16/20
  4747 | D:6      | Found a staircase to the Ecumenical Temple.
  4781 | D:6      | Reached skill level 1 in Throwing
  4781 | D:6      | Reached skill level 7 in Spellcasting
  4995 | D:6      | Noticed Blork the orc
  5021 | D:6      | Killed Blork the orc
  5085 | D:6      | Noticed Pikel
  5271 | D:7      | Found a runed translucent door.
  5272 | D:7      | Noticed Crazy Yiuf
  5281 | D:7      | Killed Crazy Yiuf
  5282 | D:7      | Reached skill level 5 in Dodging
  5534 | D:8      | Offered knowledge of Scorch by Vehumet.
  5541 | D:7      | Learned a level 2 spell: Scorch
  5561 | D:8      | Reached skill level 8 in Spellcasting
  5606 | D:8      | Noticed a two-headed ogre
  5655 | D:8      | Found a transporter.
  5655 | D:8      | Found a transporter.
  5657 | D:8      | Found a transporter.
  5657 | D:8      | Found a transporter.
  5725 | D:8      | Found a hide-covered altar of Uskayaw.
  5970 | D:7      | Reached skill level 1 in Air Magic
  6034 | D:7      | Reached skill level 1 in Fire Magic
  6051 | D:7      | Reached *** piety under Vehumet
  6248 | D:7      | Noticed Joseph
  6382 | D:7      | Noticed Menkaure
  6397 | D:7      | Killed Menkaure
  6398 | D:7      | Reached XP level 9. HP: 11/45 MP: 18/23
  6553 | D:7      | Reached skill level 9 in Spellcasting
  6674 | D:7      | Killed Joseph
  6745 | D:7      | Offered knowledge of Inner Flame by Vehumet.
  6751 | D:7      | Learned a level 3 spell: Inner Flame
  6872 | D:8      | Reached skill level 10 in Spellcasting
  7243 | D:8      | Reached **** piety under Vehumet
  7301 | D:8      | Killed a two-headed ogre
  7581 | D:9      | Found a flagged portal.
  7598 | Bailey   | Entered a bailey
  7615 | Bailey   | Reached XP level 10. HP: 31/50 MP: 26/26
  7708 | Bailey   | Reached skill level 11 in Spellcasting
  7749 | Bailey   | Offered knowledge of Lee's Rapid Deconstruction by Vehumet.
  7758 | Bailey   | Learned a level 5 spell: Lee's Rapid Deconstruction
  7777 | Bailey   | Reached skill level 5 in Short Blades
  7783 | Bailey   | Reached skill level 1 in Earth Magic
  7791 | Bailey   | Identified the +2 bardiche of Puhoisos {heavy, rElec
                  | Stlth+}
  7983 | Bailey   | Noticed an orc knight
  7983 | Bailey   | Noticed an orc knight
  8039 | Bailey   | Killed an orc knight
  8232 | Bailey   | Killed an orc knight
  8233 | Bailey   | Reached skill level 1 in Evocations
  8428 | D:9      | Reached skill level 5 in Translocations
  8497 | D:9      | Noticed a soul eater
  8501 | D:9      | Noticed a soul eater
  8610 | D:9      | Found a sparkling altar of Nemelex Xobeh.
  8653 | D:9      | Noticed a two-headed ogre
  8666 | D:9      | Noticed Harold
  8793 | D:9      | Reached skill level 5 in Fire Magic
  8796 | D:9      | Killed a two-headed ogre
  8797 | D:9      | Reached skill level 1 in Fighting
  9095 | D:9      | Noticed a cyclops
  9112 | D:9      | Killed a cyclops
  9113 | D:9      | Reached skill level 12 in Spellcasting
  9126 | D:9      | Killed Harold
  9127 | D:9      | Reached XP level 11. HP: 38/57 MP: 2/29
  9432 | D:10     | Entered Level 10 of the Dungeon
  9469 | D:10     | Found a staircase to the Orcish Mines.
  9502 | D:10     | Reached ***** piety under Vehumet
  9546 | D:10     | Offered knowledge of Sticky Flame by Vehumet.
  9561 | D:9      | Learned a level 4 spell: Sticky Flame
  9759 | D:10     | Found a sacrificial altar of Ru.
  9772 | D:10     | Reached skill level 13 in Spellcasting
 10496 | D:11     | Reached skill level 10 in Necromancy
 10936 | D:11     | Noticed Lodul
 10938 | D:11     | Reached skill level 1 in Conjurations
 11213 | D:11     | Reached skill level 1 in Armour
 11508 | D:11     | Got Simple Magic
 11593 | D:12     | Reached skill level 14 in Spellcasting
 11965 | D:2      | Bought the ring of the Mage {Wiz Archmagi} for 714 gold
                  | pieces
 11965 | D:2      | Found the ring of the Mage {Wiz Archmagi}
 12280 | D:11     | Found Fagafuf's Pet Rocks.
 12290 | D:11     | Reached XP level 12. HP: 64/64 MP: 32/32
 12389 | D:11     | Killed Lodul
 12487 | D:11     | Found a staircase to the Lair.
 12666 | D:11     | Noticed Psyche
 12666 | D:11     | Noticed a two-headed ogre
 12671 | D:11     | Killed a two-headed ogre
 12673 | D:11     | Killed Psyche
 12851 | D:12     | Found a portal to a secret trove of treasure.
 12913 | D:12     | Learned a level 5 spell: Freezing Cloud
 12917 | D:12     | Learned a level 3 spell: Mephitic Cloud
 12920 | D:12     | Learned a level 2 spell: Poisonous Vapours
 13054 | D:12     | Learned a level 5 spell: Fireball
 13130 | D:12     | Learned a level 2 spell: Wereblood
 13169 | Trove    | Entered a treasure trove
 13180 | Trove    | Identified the ring of the Scavenger {Str+6 Dex+3}
 13186 | Trove    | Identified the +7 quarterstaff of Generosity {flame, Fly
                  | rN+}
 13187 | Trove    | Identified the scarf of Qaoh {repulsion, rN+ Dex-2 SInv}
 13190 | Trove    | Identified the ring "Lobbiu Zeimn" {+Blink Fly rF+++ Str-2
                  | Dex-2}
 13225 | Trove    | Identified the +3 ring mail "Poady" {+Inv rF+ Dex+2 Slay-4}
 13429 | D:6      | Killed Pikel
 13534 | Lair:1   | Entered Level 1 of the Lair of Beasts
 13748 | Lair:1   | Reached skill level 1 in Ice Magic
 13854 | Lair:1   | Reached skill level 5 in Earth Magic
 13863 | Lair:1   | Reached skill level 1 in Poison Magic
 13916 | Lair:1   | Reached skill level 1 in Transmutations
 14485 | Lair:2   | Found a transporter.
 14486 | Lair:2   | Found a transporter.
 14487 | Lair:2   | Noticed a boulder beetle
 14487 | Lair:2   | Noticed a boulder beetle
 14511 | Lair:2   | Killed a boulder beetle
 14512 | Lair:2   | Reached skill level 15 in Spellcasting
 14513 | Lair:2   | Killed a boulder beetle
 14652 | Lair:2   | Reached skill level 1 in Shields
 15241 | Lair:2   | Found a staircase to the Shoals.
 15249 | Lair:2   | Reached XP level 13. HP: 61/72 MP: 15/34
 15724 | Lair:3   | Found a hole to the Spider Nest.
 15836 | Spider:1 | Entered Level 1 of the Spider Nest
 15893 | Spider:1 | Identified the +1 pair of boots of Piysunuo {Str+3}
 16055 | Lair:3   | Reached skill level 5 in Stealth
 16386 | Lair:3   | Identified the +3 leather armour of Okawaru's Inspiration
                  | {Str+4}
 16496 | Lair:3   | Reached skill level 5 in Air Magic
 16631 | Lair:4   | Noticed Rupert
 16725 | Lair:4   | Reached skill level 5 in Fighting
 16774 | Lair:4   | Reached skill level 5 in Conjurations
 16786 | Lair:4   | Reached skill level 16 in Spellcasting
 16996 | Lair:4   | Learned a level 3 spell: Ignite Poison
 17163 | Lair:4   | Killed Rupert
 17635 | Lair:5   | Entered Level 5 of the Lair of Beasts
 17662 | Lair:5   | HP: 1/69 [hell rat (15)]
 17662 | Lair:5   | Slain by a catoblepas

Illustrated notes

Levels and vault maps discovered:
D:1:      sevenhm_arrival_forest_fort_small_3, layout_rooms,
          chequers_serial_rivers_room_b, minmay_misc_feat_five
D:2:      layout_loops_ring, dreamdust_ecumenical_altar_angels_and_demons,
          serial_shops, shop
D:3:      layout_basic, grunt_temple_overflow_open, minmay_misc_feat_iff
D:4:      layout_basic, nicolae_overflow_quartered_altars, serial_shops,
          nicolae_diamond_shop
D:5:      layout_loops_ring, lemuel_doored_altar, minmay_misc_feat_rows,
          dreamdust_wishing_well
D:6:      layout_loops_cross, fedhas_altar_fruit_tree,
          minmay_temple_entry_glass, uniq_pikel, uniq_blork_the_orc
D:7:      layout_basic, uniq_menkaure, uniq_joseph, uniq_crazy_yiuf_cottage
D:8:      layout_basic, nicolae_uskayaw_dance_hall, serial_demonic,
          serial_demonic_d, serial_demonic_a, serial_demonic_c,
          serial_demonic_c, nicolae_diode_quadrants
D:9:      layout_irregular_city, kennysheep_little_box, enter_bailey_4,
          minmay_between, uniq_harold
D:10:     layout_basic, nicolae_ru_awakened_eye
D:11:     layout_rooms, hellmonk_lair_entry_icy, serial_ice, serial_ice_j,
          serial_ice_m, serial_ice_o, serial_ice_c, serial_ice_g, serial_ice_f,
          guppyfry_shop_earth, uniq_psyche, uniq_lodul
D:12:     layout_roguey, nicolae_trove_entry_crossroad
Lair:1:   layout_small_grid
Lair:2:   gammafunk_boulding_lane, layout_small_grid, elwin_shoals_entry_rooms
Lair:3:   kb_forest_paths, layout_chaotic_city, spider_nest_entry_rubble
Lair:4:   layout_hall_layers, grunt_megastairs_3, lemuel_fruit_fields,
          uniq_rupert
Lair:5:   guppyfry_lair_end_dragon, layout_misc_corridors, wormcave,
          dpeg_slime_entry_enclosed
Spider:1: layout_spider_delve, nicolae_spider_some_kinda_spiderbox

Skill      XL: |  1  2  3  4  5  6  7  8  9 10 11 12 13 |
---------------+----------------------------------------+-----
Necromancy     | 5 6 7 8 9 10 | 10.3
Short Blades   | 1 2 3 4 5 6 7 |  7.7
Stealth        | 3 4 5 |  5.1
Dodging        | 3 4 5 6 7 8 9 |  9.2
Spellcasting   | 4 5 6 8 10 12 14 15 16 | 16.2
Translocations | 1 2 3 4 5 6 |  6.1
Throwing       | 1 |  1.4
Air Magic      | 1 2 3 4 5 |  5.2
Fire Magic     | 1 4 5 6 |  6.7
Earth Magic    | 3 4 5 6 |  6.4
Evocations     | 1 2 |  2.3
Fighting       | 1 3 4 5 |  5.3
Conjurations   | 2 4 5 |  5.2
Armour         | 1 2 3 |  3.8
Ice Magic      | 2 3 |  3.6
Poison Magic   | 2 3 |  3.4
Transmutations | 1 3 |  3.5
Shields        | 1 2 |  2.4
Long Blades    | |  0.5

Action                     |  1- 3 |  4- 6 |  7- 9 | 10-12 | 13-15 || total
---------------------------+-------+-------+-------+-------+-------++-------
  Melee: Short sword       |   102 |    53 |       |       |       ||   155
         Unarmed           |     9 |       |       |       |       ||     9
         Rapier            |     3 |     3 |    48 |    21 |    28 ||   103
         Dagger            |       |    68 |   170 |   328 |     9 ||   575
         Punch             |       |     1 |     3 |     8 |       ||    12
         Scimitar          |       |       |     3 |    12 |    18 ||    33
  Throw: Dart              |       |     9 |    19 |    22 |       ||    50
         Boomerang         |       |       |       |       |    11 ||    11
   Cast: Vampiric Draining |     6 |    28 |    62 |   100 |     9 ||   205
         Static Discharge  |       |       |     2 |     8 |       ||    10
         Scorch            |       |       |    68 |   116 |       ||   184
         Teleport Other    |       |       |     8 |    11 |       ||    19
         Lee's Rapid Decon |       |       |       |    45 |       ||    45
         Sticky Flame      |       |       |       |    32 |    13 ||    45
         Poisonous Vapours |       |       |       |    37 |    42 ||    79
         Freezing Cloud    |       |       |       |    12 |    18 ||    30
         Mephitic Cloud    |       |       |       |     5 |     6 ||    11
         Wereblood         |       |       |       |     4 |     5 ||     9
         Fireball          |       |       |       |     3 |       ||     3
         Ignite Poison     |       |       |       |       |     1 ||     1
Ability: Evoke Blink       |       |       |       |       |     2 ||     2
  Evoke: Wand              |     1 |       |     8 |    16 |       ||    25
    Use: Scroll            |     1 |       |    11 |     9 |     3 ||    24
         Potion            |       |       |     1 |     3 |       ||     4
   Stab: Sleeping          |     5 |     5 |     7 |     4 |     5 ||    26
         Distracted        |     1 |       |       |       |       ||     1
         Confused          |       |       |       |     4 |     2 ||     6
 Armour: Robe              |    24 |    21 |    49 |    30 |       ||   124
         Steam dragon scal |       |       |       |    63 |       ||    63
         Troll leather arm |       |       |       |    20 |    19 ||    39
         Skin              |       |       |       |     1 |       ||     1
  Dodge: Dodged            |    72 |    74 |   239 |   353 |    56 ||   794
  Block: Buckler           |       |       |       |       |    23 ||    23
